 Dungeon Crawl Stone Soup version 0.30.2 (webtiles) character file.

Game seed: 16068674903075534063

193 porpoise the Shooter (level 5, -11/46 HPs)
             Began as a Hill Orc Hunter on Feb 7, 2024.
             Was an Initiate of Makhleb.
             Mangled by an iguana (12 damage)
             ... on level 4 of the Dungeon.
             The game lasted 00:12:21 (2999 turns).

porpoise the Shooter (Hill Orc Hunter)              Turns: 2999, Time: 00:12:22

Health: -11/46     AC:  7    Str: 14    XL:     5   Next: 72%
Magic:  6/6        EV: 11    Int:  9    God:    Makhleb [......]
Gold:   167        SH:  0    Dex: 16    Spells: 4/4 levels left

rFire   . . .        a - +0 hand axe
rCold   + . .        (no shield)
rNeg    . . .        f - +0 ring mail
rPois   .            s - +0 helmet
rElec   .            v - +0 cloak
rCorr   .            (no gloves)
SInv    .            (no boots)
Will    .....        (no amulet)
Stlth   +            j - ring of protection from cold
HPRegen 0.27/turn    (no ring)
MPRegen 0.10/turn

%: no passive effects
@: no status effects
A: no striking features
a: Renounce Religion


You were on level 4 of the Dungeon.
You worshipped Makhleb.
Makhleb was noncommittal.
You visited 1 branch of the dungeon, and saw 4 of its levels.

You collected 167 gold pieces.

Inventory:

Hand Weapons
 a - a +0 hand axe (weapon)
 b - a +0 shortbow
 o - a +0 dagger
Missiles
 u - 3 boomerangs
Armour
 f - a +0 ring mail (worn)
 s - a +0 helmet (worn)
 v - a +0 cloak (worn)
Magical Staves
 n - a staff of air
Jewellery
 c - an amulet of guardian spirit
 i - an amulet of magic regeneration
 j - a ring of protection from cold (left hand)
Scrolls
 e - a scroll of immolation
 g - a scroll of magic mapping {unknown}
 h - a scroll of fog
 l - a scroll of vulnerability {unknown}
 m - a scroll of enchant weapon {unknown}
 p - a scroll of acquirement {unknown}
 q - a scroll of blinking {unknown}
 x - a scroll of enchant armour {unknown}
Potions
 d - 2 potions of brilliance
 k - 3 potions of lignification
 r - a potion of curing
 t - 2 potions of flight
 w - 2 potions of haste {unknown}


   Skills:
 + Level 4.0 Fighting
 + Level 3.4 Axes
 - Level 4.3 Ranged Weapons
 - Level 1.5 Dodging
 - Level 1.8 Stealth
 + Level 2.0 Invocations


You had 4 spell levels left.
You didn't know any spells.
Your spell library was empty.

Dungeon Overview and Level Annotations

Branches:
Dungeon (4/15)
 Temple: D:4-7

Altars:
Makhleb
Wu Jian
Xom
Yredelemnul
Zin


Message History

The iguana closely misses you.
You shoot an arrow. The arrow barely misses the iguana.
The iguana bites you!
You shoot an arrow. The arrow hits the iguana.
The iguana is heavily wounded.
The iguana bites you. The iguana bites you!
a - a +0 hand axe (weapon)
You are too injured to fight recklessly!
You are too injured to fight recklessly!
You are too injured to fight recklessly!
You are too injured to fight recklessly!
You are too injured to fight recklessly!
You are too injured to fight recklessly!
You hit the iguana but do no damage.
The iguana is moderately wounded.
The iguana closely misses you.
You closely miss the iguana.
The iguana is moderately wounded.
The iguana closely misses you.
The iguana bites you but does no damage.
You hit the iguana.
The iguana is heavily wounded.
The iguana bites you.
You hit the iguana.
The iguana is heavily wounded.
The iguana bites you.
You barely miss the iguana.
The iguana is heavily wounded.
The iguana bites you.
* * * LOW HITPOINT WARNING * * *
You hit the iguana but do no damage.
The iguana is heavily wounded.
The iguana misses you.
You hit the iguana but do no damage.
The iguana is heavily wounded.
The iguana bites you!
* * * LOW HITPOINT WARNING * * *
You hit the iguana but do no damage.
The iguana is heavily wounded.
The iguana bites you!
You die...

#........# ##. ..
#......####..
...#...........# ##
#............... ...
#...........#... ....
####..<#+#.........
..... ..#.....#.###.....
......#l#.....#.#......#
.....?.@#.#...#.[...#.##
..........#.#.......#...
#####..........>....+...
#....####.....#.# #....+
.......#.#
#....########## # #.####
... ..(


You could see an iguana.

Vanquished Creatures
  A hound (D:4)
  An iguana (D:4)
  An orc wizard (D:3)
  3 gnolls (D:3)
  An adder (D:4)
  3 worms
  2 dart slugs
  9 orcs (D:3)
  4 endoplasms
  2 giant cockroaches (D:1)
  6 goblins
  8 hobgoblins
  2 jackals (D:1)
  A ball python (D:3)
  2 bats
  4 frilled lizards
  4 kobolds
  A rat (D:2)
55 creatures vanquished.

Notes
Turn   | Place    | Note
-------+----------+-------------------------------------------
     0 | D:1      | porpoise the Hill Orc Hunter began the quest for the Orb.
     0 | D:1      | Reached XP level 1. HP: 18/18 MP: 1/1
   117 | D:1      | Reached skill level 1 in Stealth
   245 | D:1      | Reached skill level 1 in Axes
   245 | D:1      | Reached XP level 2. HP: 25/25 MP: 2/2
  1180 | D:2      | Reached XP level 3. HP: 30/30 MP: 3/3
  1673 | D:3      | Reached XP level 4. HP: 20/38 MP: 4/4
  1794 | D:3      | Found a faded altar of an unknown god.
  1939 | D:3      | Found a burning altar of Makhleb.
  2053 | D:3      | Found an ornate altar of the Wu Jian Council.
  2062 | D:3      | Found a glowing silver altar of Zin.
  2068 | D:3      | Found a shimmering altar of Xom.
  2074 | D:3      | Found a basalt altar of Yredelemnul.
  2101 | D:3      | Became a worshipper of Makhleb the Destroyer
  2455 | D:3      | Reached skill level 1 in Invocations
  2455 | D:3      | Reached XP level 5. HP: 16/45 MP: 5/5
  2998 | D:4      | HP: 1/46 [iguana (11)]
  2999 | D:4      | Mangled by an iguana

Illustrated notes

Levels and vault maps discovered:
D:1:      heliophobic_arrival_dark_side_of_the_moon, layout_basic,
          nrook_mini_vaults
D:2:      layout_rooms
D:3:      layout_rooms, nicolae_overflow_hallway_of_the_gods,
          hellmonk_ecumenical_altar_lost_god, roderic_nine_men_s_morris
D:4:      layout_basic, solitary_fountain

Skill      XL: |  1  2  3  4  5 |
---------------+----------------+-----
Stealth        | 1 |  1.8
Axes           | 1 2 3 |  3.4
Fighting       | 3 4 |  4.0
Ranged Weapons | 4 |  4.3
Invocations    | 1 2 |  2.0
Dodging        | |  1.5

Action                     |  1- 3 |  4- 6 || total
---------------------------+-------+-------++-------
  Melee: Hand axe          |    51 |    99 ||   150
         Punch             |     1 |     1 ||     2
   Fire: Shortbow          |    56 |    36 ||    92
    Use: Scroll            |     2 |     3 ||     5
         Potion            |       |     2 ||     2
 Armour: Ring mail         |    42 |    47 ||    89
  Dodge: Dodged            |    48 |    64 ||   112
